 Dungeon Crawl Stone Soup version 0.26-a0-597-gb535b0901c (webtiles) character file.

Game seed: 17290431392943514871

492 HoaS the Twirler (level 7, -14/52 HPs)
             Began as a Formicid Fighter on Aug 30, 2020.
             Blown up by Pikel (29 damage)
             ... with a disintegration bolt
             ... on level 4 of the Dungeon.
             The game lasted 00:08:31 (3110 turns).

HoaS the Twirler (Formicid Fighter)                 Turns: 3110, Time: 00:08:31

Health: -14/52     AC:  8    Str: 23    XL:     7   Next: 37%
Magic:  7/7        EV:  8    Int:  7    God:
Gold:   143        SH: 10    Dex: 10    Spells: 6/6 levels left

rFire    . . .     SeeInvis +   a - +0 quarterstaff
rCold    . . .     Faith    .   c - +0 kite shield
rNeg     . . .     Spirit   .   b - +0 scale mail
rPois    .         Reflect  .   (helmet unavailable)
rElec    .         Harm     .   i - +0 cloak
rCorr    +                      (no gloves)
MR       .....                  (no boots)
Stlth    ..........             (no amulet)
HPRegen  0.17/turn              g - ring of resist corrosion
MPRegen  0.10/turn              (no ring)

@: no status effects
A: permanent stasis, dig shafts and tunnels, four strong arms, antennae 3
a: Dig, Shaft Self


You were on level 4 of the Dungeon.
You visited 1 branch of the dungeon, and saw 4 of its levels.

You collected 143 gold pieces.

Inventory:

Hand Weapons
 a - a +0 quarterstaff (weapon)
Armour
 b - a +0 scale mail (worn)
 c - a +0 kite shield (worn)
 i - a +0 cloak (worn)
Jewellery
 g - a ring of resist corrosion (left hand)
Scrolls
 f - 6 scrolls of remove curse
 h - a scroll of identify
Potions
 d - a potion of might
 e - a potion of berserk rage {unknown}
 j - a potion of mutation {unknown}


   Skills:
 - Level 3.2 Fighting
 * Level 6.3 Staves
 - Level 3.2 Armour
 + Level 6.1 Shields


You had 6 spell levels left.
You didn't know any spells.
Your spell library contained the following spells:

 Spells                   Type           Power        Failure   Level
 Corona                   Hex            #......      91%         1
 Ensorcelled Hibernation  Hex/Ice        #.....       97%         2
 Confusing Touch          Hex            #.......     100%        3
 Dazzling Flash           Conj/Hex       #.....       100%        3
 Tukima's Dance           Hex            #.......     100%        3


Dungeon Overview and Level Annotations

Branches:
Dungeon (4/15)
 Temple: D:4-7

Altars:
Ashenzari
Dithmenos
Kikubaaqudgha
Vehumet
Yredelemnul

Shops:
D:4 ?(

Annotations:
D:4 Pikel


Innate Abilities, Weirdness & Mutations

You cannot be hasted, slowed, berserked, paralysed or teleported.
You can dig through walls and to a lower floor.
Your four strong arms can wield two-handed weapons with a shield.
You have a pair of large antennae on your head. (SInv)


Message History

You retract your mandibles.
Pikel zaps a wand.
You are blasted!
* * * LOW HITPOINT WARNING * * *
Pikel waves his whip at you.
Pikel says, "You'll rot in Tartarus!"
Pikel says, "You'll feel the lick of my whip!"
You hit the lemure but do no damage. You block the lemure's attack.
The lemure hits you.
You closely miss the lemure. You block the lemure's attack.
The lemure hits you.
You closely miss the lemure. You block the lemure's attack.
The lemure hits you.
You closely miss the lemure. The lemure barely misses you.
You completely miss the lemure. The lemure hits you. Pikel closely misses you.
Your shield and scale mail prevent you from hitting the lemure.
You block the lemure's attack. Pikel closely misses you.
You miss the lemure. You block the lemure's attack.
Pikel zaps a wand.
You are blasted!
Ouch! That really hurt!
You die...

### ##5##
##{#K##
##.###@##
##.## ##5##
##.## ##.##
##.## ##.##
##.##
#.....#.##
##5##
#.....##.##
##.## #.....
##.# ##.##
#.....##.##
#.##
########+##.##


You could see Pikel and 2 lemures.

Vanquished Creatures
  A black bear (D:3)
  A lemure (D:4)
  An orc priest (D:4)
  3 orc wizards
  Terence (D:2)
  2 iguanas (D:4)
  A worker ant (D:4)
  3 gnolls (D:3)
  4 adders
  3 worms
  3 dart slugs
  2 leopard geckos (D:2)
  14 orcs
  14 bats
  4 giant cockroaches
  5 goblins
  10 hobgoblins
  4 jackals
  A quokka (D:4)
  4 frilled lizards
  A jackal skeleton (D:4)
  10 kobolds
  10 rats
102 creatures vanquished.

Vanquished Creatures (others)
  A withered plant (D:3)
1 creature vanquished.

Grand Total: 103 creatures vanquished

Notes
Turn   | Place    | Note
-------+----------+-------------------------------------------
     0 | D:1      | HoaS the Formicid Fighter began the quest for the Orb.
     0 | D:1      | Reached XP level 1. HP: 18/18 MP: 1/1
     2 | D:1      | Noticed a vampire
     2 | D:1      | Noticed a ghoul
     4 | D:1      | Noticed a troll
     4 | D:1      | Noticed a vine stalker
     6 | D:1      | Noticed a naga
     6 | D:1      | Noticed a human
     8 | D:1      | Noticed a felid
     8 | D:1      | Noticed a demonspawn
    10 | D:1      | Noticed a spriggan
    10 | D:1      | Noticed a tengu
    14 | D:1      | Noticed an elf
    14 | D:1      | Noticed a dwarf
    16 | D:1      | Noticed a centaur
    16 | D:1      | Noticed a merfolk
    18 | D:1      | Noticed a demigod
    20 | D:1      | Noticed a formicid
    20 | D:1      | Noticed a halfling
    22 | D:1      | Noticed an ogre
    24 | D:1      | Noticed a gargoyle
    26 | D:1      | Noticed a minotaur
    28 | D:1      | Noticed an octopode
    28 | D:1      | Noticed a draconian
   194 | D:1      | Reached XP level 2. HP: 23/24 MP: 2/2
   556 | D:1      | Reached XP level 3. HP: 28/29 MP: 3/3
   825 | D:2      | Found a shadowy altar of Dithmenos.
   825 | D:2      | You fall into a shaft and drop 1 floor!
   918 | D:3      | Reached XP level 4. HP: 32/35 MP: 4/4
  1102 | D:3      | Noticed a black bear
  1122 | D:3      | Killed a black bear
  1122 | D:3      | Reached skill level 5 in Shields
  1122 | D:3      | Reached XP level 5. HP: 41/41 MP: 5/5
  1138 | D:3      | Found a basalt altar of Yredelemnul.
  1169 | D:3      | Reached XP level 6. HP: 47/47 MP: 6/6
  1190 | D:3      | Found a shattered altar of Ashenzari.
  1245 | D:2      | Found a radiant altar of Vehumet.
  1291 | D:2      | Reached skill level 5 in Staves
  1463 | D:2      | Noticed Terence
  1480 | D:2      | Killed Terence
  1752 | D:2      | Found an ancient bone altar of Kikubaaqudgha.
  2208 | D:4      | Found Gien's Magic Scroll Shop.
  2317 | D:4      | Reached XP level 7. HP: 24/52 MP: 7/7
  2876 | D:4      | Found Lukki's Antique Weapon Shoppe.
  2905 | D:4      | Noticed Pikel
  3110 | D:4      | Blown up by Pikel

Illustrated notes

Levels and vault maps discovered:
D:1:      kb_arrival_jail, layout_basic, chequers_serial_rivers_small_b
D:2:      layout_loops_cross, nicolae_overflow_crystal_walls,
          lemuel_crystal_altar, vehumet_crystals, uniq_terence
D:3:      layout_basic, yredelemnul_altar_generic, ashenzari_altar_1,
          minmay_quantized
D:4:      layout_gridville, overflow_temple_1_default, serial_shops,
          shop_fountains, shop, uniq_pikel

Skill      XL: |  1  2  3  4  5  6  7 |
---------------+----------------------+-----
Shields        | 4 5 6 |  6.1
Staves         | 3 4 5 6 |  6.3
Fighting       | |  3.2
Armour         | |  3.2

Action                   |  1- 3 |  4- 6 |  7- 9 || total
-------------------------+-------+-------+-------++-------
Melee: Quarterstaff      |   120 |   150 |    56 ||   326
 Abil: Dig               |       |       |     5 ||     5
  Use: Potion            |       |     1 |     1 ||     2
       Scroll            |       |     7 |       ||     7
Armor: Scale mail        |    67 |    61 |    13 ||   141
Dodge: Dodged            |    41 |    50 |    16 ||   107
Block: Kite shield       |    73 |    83 |    26 ||   182

Table legend: (Time is in decaauts)
 A = Elapsed time spent in this place.
 B = Non-inter-level travel time spent in this place.
 C = Inter-level travel time spent in this place.
 D = Time resting spent in this place.
 E = Time spent auto-exploring this place.
 F = Levels seen in this place.
 G = Mean time per level.
                   A        B        C        D        E       F      G
               +--------+--------+--------+--------+--------+-----+--------+
         Total |   3159 |   3052 |    107 |    681 |   1376 |   4 |  789.8 |
       Dungeon |   3159 |   3052 |    107 |    681 |   1376 |   4 |  789.8 |
               +--------+--------+--------+--------+--------+-----+--------+

Top non-repeatable levels by time:
     D:4: 996 daAuts
     D:2: 871 daAuts
     D:1: 671 daAuts
     D:3: 620 daAuts
